IL
SYRACUSE CHIEFS @ TOLEDO MUD HENS
08/20/2099
 
TOP OF THE 1ST
Syracuse Chiefs batting - Pitching for Toledo Mud Hens : RHP Justin Grogan
Pitching: RHP Justin Grogan
Batting: LHB Tom Monroe 0-0: Called Strike
0-1: Called Strike
0-2: Strikes out swinging
Batting: RHB Jared White 0-0: Ball
1-0: Foul Ball, location: 5F
1-1: DOUBLE (Groundball, 5L, EV 106.9 MPH)
Batting: LHB Jesus Medrano 0-0: Ball
1-0: Ball
2-0: Ground out U3 (Groundball, 3L, EV 85.6 MPH)
Jared White to third
Batting: RHB Ryan Carey 0-0: Swinging Strike
0-1: Called Strike
0-2: Ball
1-2: Ball
2-2: Foul Ball, location: 2F
2-2: Ball
3-2: Base on Balls
Batting: RHB Mike Hoffman 0-0: Ball
1-0: Ball
2-0: Foul Ball, location: 9LDF
2-1: Foul Ball, location: 9LMF
2-2: Foul Ball, location: 9LMF
2-2: Foul Ball, location: 2F
2-2: SINGLE (Groundball, 4MD, EV 96.3 MPH)
Jared White scores
Ryan Carey to second
Runner from 2nd tries for 3rd, SAFE, no throw by CF
Batting: RHB Matt Campbell 0-0: Hit by Pitch
Mike Hoffman to second
Batting: RHB Steve Miles 0-0: Ball
1-0: Fly out, F2 (Popup, 15S, EV 81.9 MPH)
Top of the 1st over - 1 run, 2 hits, 0 errors, 3 left on base; Syracuse 1 - Toledo 0
BOTTOM OF THE 1ST
Toledo Mud Hens batting - Pitching for Syracuse Chiefs : RHP Miguel Macias
Pitching: RHP Miguel Macias
Batting: LHB Mike Mendoza 0-0: Swinging Strike
0-1: Called Strike
0-2: Fly out, F8 (Flyball, 8RD, EV 95.0 MPH)
Batting: SHB Tony Ortega 0-0: Ball
1-0: Ball
2-0: Called Strike
2-1: Swinging Strike
2-2: Ground out U3 (Groundball, 3L, EV 82.5 MPH)
Batting: LHB Jahiem Parker 0-0: Called Strike
0-1: Foul Ball, location: 2RF
0-2: Strikes out swinging
Bottom of the 1st over - 0 runs, 0 hits, 0 errors, 0 left on base; Syracuse 1 - Toledo 0
TOP OF THE 2ND
Syracuse Chiefs batting - Pitching for Toledo Mud Hens : RHP Justin Grogan
Batting: LHB David Marquer 0-0: Foul Ball, location: 7LSF
0-1: Called Strike
0-2: Ball
1-2: Strikes out swinging, 2-3 out at first.
Batting: RHB Faical Giraldes 0-0: Swinging Strike
0-1: Foul Ball, location: 25F
0-2: Ball
1-2: Ball
2-2: Foul Ball, location: 2F
2-2: Ball
3-2: Foul Ball, location: 9LSF
3-2: Strikes out swinging
Batting: LHB Tom Monroe 0-0: Called Strike
0-1: Swinging Strike
0-2: Ball
1-2: Strikes out swinging
Top of the 2nd over - 0 runs, 0 hits, 0 errors, 0 left on base; Syracuse 1 - Toledo 0
BOTTOM OF THE 2ND
Toledo Mud Hens batting - Pitching for Syracuse Chiefs : RHP Miguel Macias
Batting: RHB Chad Larson 0-0: SOLO HOME RUN (Flyball, 9D, EV 96.9 MPH), Distance : 365 ft
Batting: LHB Nick Penix 0-0: Ball
1-0: SOLO HOME RUN (Flyball, 89XD, EV 110.6 MPH), Distance : 406 ft
Batting: RHB Oscar Torres 0-0: Ball
1-0: Ball
2-0: Ball
3-0: Foul Ball, location: 2F
3-1: Called Strike
3-2: Base on Balls
Batting: LHB Justin Kenworthy 0-0: Called Strike
0-1: Called Strike
0-2: Ball
1-2: Foul Ball, location: 3F
1-2: Foul Ball, location: 2LF
1-2: Fly out, F7 (Flyball, 7, EV 88.8 MPH)
Batting: LHB Chris Johnson 0-0: Ball
1-0: Fly out, F8 (Flyball, 8RM, EV 75.6 MPH)
Batting: LHB Tyler Chapman 0-0: Fly out, F8 (Flyball, 8RM, EV 95.0 MPH)
Bottom of the 2nd over - 2 runs, 2 hits, 0 errors, 1 left on base; Syracuse 1 - Toledo 2
TOP OF THE 3RD
Syracuse Chiefs batting - Pitching for Toledo Mud Hens : RHP Justin Grogan
Batting: RHB Jared White 0-0: Bunt for hit to 15 - play at first, batter OUT! 1-3
Batting: LHB Jesus Medrano 0-0: Ball
1-0: Called Strike
1-1: Called Strike
1-2: Strikes out swinging
Batting: RHB Ryan Carey 0-0: Ball
1-0: Ball
2-0: Called Strike
2-1: Foul Ball, location: 9LMF
2-2: Strikes out swinging
Top of the 3rd over - 0 runs, 0 hits, 0 errors, 0 left on base; Syracuse 1 - Toledo 2
BOTTOM OF THE 3RD
Toledo Mud Hens batting - Pitching for Syracuse Chiefs : RHP Miguel Macias
Batting: LHB Mike Mendoza 0-0: Ball
1-0: Fly out, F5 (Popup, 5L, EV 68.8 MPH)
Batting: SHB Tony Ortega 0-0: Ball
1-0: Ball
2-0: Ball
3-0: Called Strike
3-1: Foul Ball, location: 5F
3-2: Strikes out swinging
Batting: LHB Jahiem Parker 0-0: Called Strike
0-1: Foul Ball, location: 25FF
0-2: Fly out, F8 (Flyball, 78D, EV 105.0 MPH)
Bottom of the 3rd over - 0 runs, 0 hits, 0 errors, 0 left on base; Syracuse 1 - Toledo 2
TOP OF THE 4TH
Syracuse Chiefs batting - Pitching for Toledo Mud Hens : RHP Justin Grogan
Batting: RHB Mike Hoffman 0-0: Ball
1-0: Called Strike
1-1: Fly out, F8 (Line Drive, 89M, EV 95.0 MPH)
Batting: RHB Matt Campbell 0-0: Swinging Strike
0-1: Ball
1-1: Foul Ball, location: 25FF
1-2: Strikes out looking
Batting: RHB Steve Miles 0-0: Ball
1-0: Called Strike
1-1: Ball
2-1: Ball
3-1: Fly out, F6 (Popup, P, EV 84.4 MPH)
Top of the 4th over - 0 runs, 0 hits, 0 errors, 0 left on base; Syracuse 1 - Toledo 2
BOTTOM OF THE 4TH
Toledo Mud Hens batting - Pitching for Syracuse Chiefs : RHP Miguel Macias
Batting: RHB Chad Larson 0-0: Ground out 6-3 (Groundball, 6MS, EV 92.5 MPH)
Batting: LHB Nick Penix 0-0: Called Strike
0-1: Ball
1-1: Foul Ball, location: 7LSF
1-2: Foul Ball, location: 5SF
1-2: Fly out, F8 (Flyball, 8LD, EV 103.8 MPH)
Batting: RHB Oscar Torres 0-0: Ball
1-0: Ball
2-0: Called Strike
2-1: Called Strike
2-2: Ball
3-2: Base on Balls
Batting: LHB Justin Kenworthy 0-0: Ball
1-0: Called Strike
1-1: Foul Ball, location: 9LDF
1-2: Foul Ball, location: 2F
1-2: Ball
Oscar Torres steals 2nd base
2-2: Ball
3-2: Strikes out looking
Bottom of the 4th over - 0 runs, 0 hits, 0 errors, 1 left on base; Syracuse 1 - Toledo 2
TOP OF THE 5TH
Syracuse Chiefs batting - Pitching for Toledo Mud Hens : RHP Justin Grogan
Batting: LHB David Marquer 0-0: Called Strike
0-1: Ball
1-1: Swinging Strike
1-2: Fly out, F9 (Flyball, 9D, EV 95.0 MPH)
Batting: RHB Faical Giraldes 0-0: Ball
1-0: Ball
2-0: Foul Ball, location: 2F
2-1: Ball
3-1: Base on Balls
Pitching: RHP Jim Melendez
Batting: LHB Tom Monroe 0-0: Ball
1-0: Swinging Strike
1-1: Foul Ball, location: 23FF
1-2: Ball
2-2: Ball
3-2: DOUBLE (Line Drive, 9LS, EV 106.3 MPH)
Faical Giraldes to third
Runner from 3rd tries for Home, SAFE, throw by RF to home
Batting: RHB Jared White 0-0: Ball
1-0: DOUBLE (Line Drive, 78D, EV 101.3 MPH)
Tom Monroe scores
Batting: LHB Jesus Medrano 0-0: Intentional Walk
Batting: RHB Ryan Carey 0-0: Ball
1-0: Swinging Strike
1-1: Fielders Choice at 2nd, 3-6 (Groundball, 3, EV 86.3 MPH)
Jared White to third
Batting: RHB Mike Hoffman 0-0: Ball
1-0: Ball
2-0: Called Strike
2-1: Fly out, F9 (Flyball, 9D, EV 91.9 MPH)
Top of the 5th over - 2 runs, 2 hits, 0 errors, 2 left on base; Syracuse 3 - Toledo 2
BOTTOM OF THE 5TH
Toledo Mud Hens batting - Pitching for Syracuse Chiefs : RHP Miguel Macias
Batting: LHB Chris Johnson 0-0: Ball
1-0: Ball
2-0: Ball
3-0: Fly out, F8 (Flyball, 8LXD, EV 102.5 MPH)
Batting: LHB Tyler Chapman 0-0: Foul Ball, location: 2F
0-1: Swinging Strike
0-2: Foul Ball, location: 2LF
0-2: Strikes out swinging
Batting: LHB Mike Mendoza 0-0: Foul Ball, location: 9LMF
0-1: TRIPLE (Flyball, 9D, EV 104.4 MPH)
Batting: SHB Tony Ortega 0-0: Ball
1-0: Ground out 6-3 (Groundball, 6M, EV 93.8 MPH)
Bottom of the 5th over - 0 runs, 1 hit, 0 errors, 1 left on base; Syracuse 3 - Toledo 2
TOP OF THE 6TH
Syracuse Chiefs batting - Pitching for Toledo Mud Hens : RHP Jim Melendez
Batting: RHB Matt Campbell 0-0: Called Strike
0-1: Called Strike
0-2: Ground out 5-3 (Groundball, 5, EV 90.6 MPH)
Batting: RHB Steve Miles 0-0: Ball
1-0: Swinging Strike
1-1: Ball
2-1: Ball
3-1: Base on Balls
Batting: LHB David Marquer 0-0: Ball
1-0: Ball
2-0: Ball
3-0: Called Strike
3-1: Called Strike
3-2: Foul Ball, location: 2LF
3-2: Strikes out swinging
Batting: RHB Faical Giraldes 0-0: Fielders Choice at 2nd, U4 (Groundball, 4M, EV 102.5 MPH)
Top of the 6th over - 0 runs, 0 hits, 0 errors, 1 left on base; Syracuse 3 - Toledo 2
BOTTOM OF THE 6TH
Toledo Mud Hens batting - Pitching for Syracuse Chiefs : RHP Miguel Macias
Batting: LHB Jahiem Parker 0-0: Ball
1-0: Foul Ball, location: 2F
1-1: Ball
2-1: Foul Ball, location: 7LMF
2-2: Ball
3-2: Base on Balls
Batting: RHB Chad Larson 0-0: Ball
1-0: Foul Ball, location: 25F
1-1: Called Strike
1-2: Ball
2-2: Ball
3-2: Strikes out swinging
Batting: LHB Nick Penix 0-0: Ball
1-0: Swinging Strike
1-1: Ball
2-1: Ball
3-1: Called Strike
3-2: Strikes out swinging
Batting: RHB Oscar Torres 0-0: Ball
1-0: Swinging Strike
1-1: Fly out, F8 (Flyball, 78M, EV 81.9 MPH)
Bottom of the 6th over - 0 runs, 0 hits, 0 errors, 1 left on base; Syracuse 3 - Toledo 2
TOP OF THE 7TH
Syracuse Chiefs batting - Pitching for Toledo Mud Hens : RHP Jim Melendez
Pitching: RHP Chuck Watts
Batting: LHB Tom Monroe 0-0: Called Strike
0-1: Foul Ball, location: 2F
0-2: Ball
1-2: Ball
2-2: Ball
3-2: DOUBLE (Line Drive, 78D, EV 102.5 MPH)
Batting: RHB Jared White 0-0: Foul Ball, location: 2F
0-1: Called Strike
Tom Monroe is caught stealing 3rd base 2-5
0-2: Ball
1-2: Ball
2-2: Fly out, F4 (Line Drive, 4, EV 73.8 MPH)
Batting: LHB Jesus Medrano 0-0: Called Strike
0-1: Foul Ball, location: 2F
0-2: Ball
1-2: Ball
2-2: SINGLE (Groundball, 34D, EV 105.0 MPH)
Batting: RHB Ryan Carey 0-0: Ball
1-0: Ball
2-0: Foul Ball, location: 7LSFF
2-1: SINGLE (Line Drive, 4D, EV 94.4 MPH)
Jesus Medrano to second
Batting: RHB Mike Hoffman 0-0: Called Strike
0-1: Foul Ball, location: 23FF
0-2: Ball
1-2: Ball
2-2: Strikes out swinging
Top of the 7th over - 0 runs, 3 hits, 0 errors, 2 left on base; Syracuse 3 - Toledo 2
BOTTOM OF THE 7TH
Toledo Mud Hens batting - Pitching for Syracuse Chiefs : RHP Miguel Macias
Batting: LHB Justin Kenworthy 0-0: Ball
1-0: Called Strike
1-1: Called Strike
1-2: Fly out, F9 (Flyball, 9LSF, EV 95.0 MPH)
Batting: LHB Chris Johnson 0-0: Foul Ball, location: 2LF
0-1: Swinging Strike
0-2: Strikes out swinging
Batting: LHB Tyler Chapman 0-0: Called Strike
0-1: SINGLE (Groundball, 34D, EV 100.0 MPH)
Batting: LHB Mike Mendoza 0-0: Ball
1-0: Ball
2-0: Ball
3-0: Base on Balls
Tyler Chapman to second
Batting: SHB Tony Ortega 0-0: Foul Ball, location: 2RF
0-1: Foul Ball, location: 23F
0-2: Strikes out swinging
Bottom of the 7th over - 0 runs, 1 hit, 0 errors, 2 left on base; Syracuse 3 - Toledo 2
TOP OF THE 8TH
Syracuse Chiefs batting - Pitching for Toledo Mud Hens : RHP Chuck Watts
Batting: RHB Matt Campbell 0-0: Ball
1-0: Called Strike
1-1: Ball
2-1: Fly out, F7 (Flyball, 7D, EV 101.3 MPH)
Batting: RHB Steve Miles 0-0: Called Strike
0-1: Called Strike
0-2: Foul Ball, location: 3FF
0-2: Foul Ball, location: 9LMF
0-2: Foul Ball, location: 2F
0-2: SINGLE (Line Drive, 6MD, EV 98.1 MPH)
Pitching: RHP Bob Miller
Batting: LHB David Marquer 0-0: Ball
1-0: Ball
2-0: Foul Ball, location: 25F
2-1: Swinging Strike
2-2: SINGLE (Groundball, 4MS, EV 82.5 MPH) (infield hit)
Steve Miles to second
Batting: RHB Faical Giraldes 0-0: Ball
1-0: Foul Ball, location: 9LDF
1-1: Called Strike
1-2: Foul Ball, location: 9LSF
1-2: Ball
2-2: Foul Ball, location: 23F
2-2: Foul Ball, location: 2LF
2-2: Single, Error in OF, E8, batter to second base (Line Drive, 6M, EV 98.1 MPH)
Steve Miles scores
David Marquer to third
Batting: LHB Tom Monroe 0-0: Intentional Walk
Batting: RHB Jared White 0-0: Called Strike
0-1: Foul Ball, location: 2F
0-2: Strikes out swinging
Batting: LHB Jesus Medrano 0-0: Ball
1-0: Foul Ball, location: 2F
1-1: Called Strike
1-2: Ball
2-2: GRAND SLAM HOME RUN (Flyball, 7D, EV 99.4 MPH), Distance : 360 ft
Pitching: RHP Jason Figueroa
Batting: RHB Ryan Carey 0-0: Called Strike
0-1: Foul Ball, location: 5F
0-2: Fly out, F7 (Flyball, 7, EV 80.6 MPH)
Top of the 8th over - 5 runs, 4 hits, 1 error, 0 left on base; Syracuse 8 - Toledo 2
BOTTOM OF THE 8TH
Toledo Mud Hens batting - Pitching for Syracuse Chiefs : RHP Miguel Macias
Batting: LHB Jahiem Parker 0-0: Ball
1-0: Called Strike
1-1: Ball
2-1: Called Strike
2-2: Strikes out swinging
Pitching: LHP Shane Phillips
Batting: RHB Chad Larson 0-0: Ball
1-0: Called Strike
1-1: DOUBLE (Flyball, 8RXD, EV 111.3 MPH)
Batting: LHB Nick Penix 0-0: Ball
1-0: Foul Ball, location: 7LSF
1-1: Ball
2-1: Foul Ball, location: 2F
2-2: Strikes out swinging
Batting: RHB Oscar Torres 0-0: Called Strike
0-1: SINGLE (Groundball, 6, EV 99.4 MPH)
Chad Larson to third
Runner from 3rd tries for Home, SAFE, throw by LF to home
Pinch Hitting: RHB Tomoshi Matsuo 0-0: Called Strike
0-1: Ball
1-1: Fly out, F7 (Line Drive, 78D, EV 90.6 MPH)
Bottom of the 8th over - 1 run, 2 hits, 0 errors, 1 left on base; Syracuse 8 - Toledo 3
TOP OF THE 9TH
Syracuse Chiefs batting - Pitching for Toledo Mud Hens : RHP Jason Figueroa
Now in CF: Joe Burgoon
Batting: RHB Mike Hoffman 0-0: Ball
1-0: Ball
2-0: Called Strike
2-1: Called Strike
2-2: Strikes out swinging
Batting: RHB Matt Campbell 0-0: Called Strike
0-1: Ball
1-1: Ball
2-1: Called Strike
2-2: Fly out, F5 (Line Drive, 5L, EV 68.8 MPH)
Batting: RHB Steve Miles 0-0: Ball
1-0: Fly out, F7 (Flyball, 7, EV 91.3 MPH)
Top of the 9th over - 0 runs, 0 hits, 0 errors, 0 left on base; Syracuse 8 - Toledo 3
BOTTOM OF THE 9TH
Toledo Mud Hens batting - Pitching for Syracuse Chiefs : LHP Shane Phillips
Batting: LHB Chris Johnson 0-0: Called Strike
0-1: Ball
1-1: Ball
2-1: Ball
3-1: Foul Ball, location: 9LMF
3-2: Strikes out swinging
Pinch Hitting: RHB Ray Gold 0-0: Ball
1-0: Ball
2-0: Ball
3-0: Called Strike
3-1: Called Strike
3-2: Strikes out swinging, 2-3 out at first.
Batting: LHB Mike Mendoza 0-0: Ball
1-0: Ball
2-0: Ball
3-0: Foul Ball, location: 2F
3-1: Base on Balls
Batting: SHB Tony Ortega 0-0: Ball
1-0: Foul Ball, location: 25F
1-1: Ball
2-1: Ball
3-1: Foul Ball, location: 9LDF
3-2: Ground out 5-3 (Groundball, 5L, EV 104.4 MPH)
Bottom of the 9th over - 0 runs, 0 hits, 0 errors, 1 left on base; Syracuse 8 - Toledo 3
Wednesday, May 15th , 2024 - OOTP Baseball 24.11 Build 85